 Dungeon Crawl Stone Soup version 0.30.1-4-g462c640d31 (webtiles) character file.

Game seed: 457128320285873177

229 EWolf27 the Ruffian (level 5, -1/53 HPs)
             Began as a Troll Fighter on Aug 10, 2023.
             Was an Initiate of the Shining One.
             Succumbed to a killer bee's poison
             ... on level 3 of the Dungeon.
             The game lasted 00:11:16 (1928 turns).

EWolf27 the Ruffian (Troll Fighter)                 Turns: 1928, Time: 00:11:16

Health: -1/53      AC:  8    Str: 24    XL:     5   Next: 71%
Magic:  4/4        EV: 14    Int:  6    God:    the Shining One [......]
Gold:   35         SH:  7    Dex:  9    Spells: 4/4 levels left

rFire   . .          .
                       - Unarmed
rCold   . . .        b - +0 kite shield
rNeg    . . .        a - +0 robe
rPois   .            (helmet restricted)
rElec   .            (no cloak)
rCorr   .            (gloves unavailable)
SInv    .            (boots unavailable)
Will    .....        o - amulet of magic regeneration
Stlth   +            f - +5 ring of evasion
HPRegen 1.08/turn    p - +4 ring of protection
MPRegen 0.49/turn

%: no passive effects
@: lethally poisoned (-1 -> -9), glowing
A: large, unfitting armour, claws 3, regeneration 1, shaggy fur 1, tough skin 1
a: Renounce Religion


You were on level 3 of the Dungeon.
You worshipped the Shining One.
The Shining One was noncommittal.
You visited 2 branches of the dungeon, and saw 5 of its levels.

You collected 35 gold pieces.

Inventory:

Hand Weapons
 u - a +0 whip
 v - the +10 dagger "Fean" {venom, rElec rN+++ rCorr Dex-4}
   (You found it on level 2 of the Dungeon)

   Dex:       It affects your dexterity (-4).
   rElec:     It insulates you from electricity.
   rN:        It renders you almost immune to negative energy.
   rCorr:     It protects you from acid and corrosion.
Missiles
 d - 3 stones (quivered)
 r - 6 poisoned darts
Armour
 a - a +0 robe (worn)
 b - a +0 kite shield (worn)
Jewellery
 f - a +5 ring of evasion (left claw)
 j - a +6 ring of dexterity
 o - an amulet of magic regeneration (around neck)
 p - a +4 ring of protection (right claw)
Scrolls
 e - 3 scrolls of identify {unknown}
 g - a scroll of silence {unknown}
 h - a scroll of enchant weapon {unknown}
 i - 2 scrolls of teleportation {unknown}
 l - a scroll of amnesia {unknown}
 m - a scroll of fog {unknown}
 t - a scroll of enchant armour {unknown}
 w - a scroll of fear {unknown}
Potions
 c - 3 potions of might
 k - 2 potions of magic
 n - 2 potions of degeneration {unknown}
 q - 2 potions of haste {unknown}
 s - a potion of attraction {unknown}


   Skills:
 + Level 3.0 Fighting
 * Level 1.8 Throwing
 + Level 3.1 Dodging
 - Level 2.6 Shields
 * Level 4.5 Unarmed Combat


You had 4 spell levels left.
You didn't know any spells.
Your spell library contained the following spells:

 Spells                   Type           Power      Damage    Failure   Level
 Magic Dart               Conj           0%         1d3       73%         1
 Searing Ray              Conj           0%         2d4       86%         2
 Fulminant Prism          Conj/Hex       0%         3d5       100%        4


Dungeon Overview and Level Annotations

Branches:
Dungeon (4/15)             Temple (1/1) D:4

Altars:
Ashenzari
Cheibriados
Dithmenos
Fedhas
Gozag
Hepliaklqana
Kikubaaqudgha
Nemelex Xobeh
Okawaru
Qazlal
Sif Muna
Trog
Vehumet
Wu Jian
Xom
Yredelemnul
Zin
The Shining One

Shops:
D:1 ?:[

Annotations:
D:3 Grinder
Temple 2 transporters


Innate Abilities, Weirdness & Mutations

You are too large for most types of armour.
You have claws for hands.
Your natural rate of healing is unusually fast.
You are covered in fur. (AC +1)
You have tough skin. (AC +1)


Message History

The killer bee stings you but does no damage. x2
You climb upwards.
Level annotation: Grinder Reactivating autopickup.
You feel sick.
There is a stone staircase leading down, spattered with blood here.
You closely miss the killer bee.
You feel sick. The killer bee stings you.
The killer bee stings you but does no damage.
You block the orc's attack. The killer bee stings you.
You block the killer bee's attack.
You barely miss the killer bee.
You feel sick.
You block the killer bee's attack. x2; The orc hits you but does no damage.
The killer bee closely misses you. The killer bee misses you.
You miss the killer bee.
You feel sick. You block the killer bee's attack.
The killer bee barely misses you. The orc barely misses you.
The killer bee closely misses you. The killer bee stings you.
The orc hits you with a +0 short sword. You block the killer bee's attack.
The killer bee closely misses you.
You miss the killer bee.
You feel sick. You block the killer bee's attack. The killer bee stings you.
You block the killer bee's attack. The killer bee stings you.
The orc hits you but does no damage.
You claw the killer bee!
You kill the killer bee!
You feel sick.
You are no longer poisoned.
The killer bee stings you.
* * * LOW HITPOINT WARNING * * *
You are poisoned.
The killer bee poisons you! The killer bee misses you.
The orc hits you with a +0 short sword.
* * * LOW HITPOINT WARNING * * *
Your Fighting skill increases to level 3!
You barely miss the killer bee.
You feel sick. The killer bee stings you!
* * * LOW HITPOINT WARNING * * *
You are lethally poisoned!
The killer bee poisons you! The killer bee barely misses you.
The orc hits you with a +0 short sword.
* * * LOW HITPOINT WARNING * * *
You completely miss the killer bee.
You die...

## .. ###. #.#.
... .#
#.##.#.####...#
.......y@o....#
.....#.#.####.#
#.# #.#.# ..#.#
# .###.# # ..
... ## # .# .##
. .. [. .
#####..#


You could see a killer bee and an orc.

Vanquished Creatures
  2 killer bees (D:3)
  An orc priest (D:4)
  A hound (D:4)
  3 gnolls (D:3)
  2 adders (D:2)
  4 orcs
  3 endoplasms (D:1)
  2 giant cockroaches (D:1)
  2 goblins (D:1)
  6 hobgoblins
  2 ball pythons
  4 bats
  3 frilled lizards
  4 kobolds
  5 rats
44 creatures vanquished.

Notes
Turn   | Place    | Note
-------+----------+-------------------------------------------
     0 | D:1      | EWolf27 the Troll Fighter began the quest for the Orb.
     0 | D:1      | Reached XP level 1. HP: 22/22 MP: 0/0
    51 | D:1      | Found Mimal's Book Boutique.
   104 | D:1      | Found Ikygeix's Magic Scroll Boutique.
   223 | D:1      | Reached XP level 2. HP: 29/29 MP: 1/1
   255 | D:1      | Found Roewob's Antique Armour Emporium.
   734 | D:2      | Found a faded altar of an unknown god.
   745 | D:2      | Reached XP level 3. HP: 36/36 MP: 2/2
   859 | D:2      | Identified the +10 dagger "Fean" {venom, rElec rN+++ rCorr
                  | Dex-4}
  1291 | D:3      | Noticed Grinder
  1316 | D:3      | Paralysed by Grinder for 2 turns
  1360 | D:3      | Paralysed by Grinder for 4 turns
  1369 | D:3      | Paralysed by Grinder for 4 turns
  1401 | D:3      | Paralysed by Grinder for 5 turns
  1409 | D:3      | Paralysed by Grinder for 3 turns
  1414 | D:3      | Paralysed by Grinder for 2 turns
  1488 | D:3      | Reached skill level 1 in Throwing
  1537 | D:3      | Reached skill level 3 in Unarmed Combat
  1539 | D:3      | Reached XP level 4. HP: 36/44 MP: 3/3
  1684 | D:4      | Noticed a scorpion
  1701 | D:4      | Found a staircase to the Ecumenical Temple.
  1714 | Temple   | Entered the Ecumenical Temple
  1714 | Temple   | Found a transporter.
  1714 | Temple   | Found a transporter.
  1716 | Temple   | Found a transporter.
  1716 | Temple   | Found a transporter.
  1742 | Temple   | Became a worshipper of the Shining One
  1773 | D:4      | Reached XP level 5. HP: 41/52 MP: 4/4
  1908 | D:3      | Reached skill level 4 in Unarmed Combat
  1927 | D:3      | HP: 2/53 [orc/+0 short sword (4)]
  1928 | D:3      | Succumbed to a killer bee's poison

Illustrated notes

Levels and vault maps discovered:
D:1:      scummos_arrival_checkerplants, layout_loops_ring, serial_shops, shop,
          nicolae_shop_stone, shop
D:2:      layout_basic, hellmonk_ecumenical_altar_zigzags
D:3:      layout_basic, mrwooster_statue_mirror, uniq_grinder
D:4:      layout_basic, marbit_many_paths, elyvilon_altar_4, temple_statues
Temple:   hellmonk_temple_divided_pantheon

Skill      XL: |  1  2  3  4  5 |
---------------+----------------+-----
Throwing       | 1 |  1.8
Unarmed Combat | 3 4 |  4.5
Dodging        | 3 |  3.1
Fighting       | 3 |  3.0
Shields        | |  2.6

Action                     |  1- 3 |  4- 6 || total
---------------------------+-------+-------++-------
  Melee: Unarmed           |    99 |    40 ||   139
         Dagger            |     7 |       ||     7
  Throw: Stone             |     7 |       ||     7
    Use: Potion            |     1 |       ||     1
   Stab: Sleeping          |     2 |       ||     2
 Armour: Robe              |    24 |    11 ||    35
  Dodge: Dodged            |    43 |    43 ||    86
  Block: Kite shield       |    33 |    28 ||    61
